 Dungeon Crawl Stone Soup version 0.31.0-4-g52a2dc7128 (console) character file.

Game seed: 270081829380730438

1977 AlterAsc the Carver (level 9, -1/51 (52) HPs)
             Began as a Tengu Gladiator on Jan 23, 2024.
             Was a Follower of Qazlal.
             Slain by a wight
             ... wielding a +0 halberd of protection
              (4 damage)
             ... on level 6 of the Dungeon.
             The game lasted 00:18:46 (6019 turns).

AlterAsc the Carver (Tengu Gladiator)               Turns: 6019, Time: 00:18:46

HP:   -1/51 (52)    AC:  7    Str: 15    XL:     9   Next: 20%
MP:   12/12         EV: 18    Int:  8    God:    Qazlal [*.....]
Gold: 320           SH:  7    Dex: 20    Spells: 8/8 levels left

rFire   . . .        J - +4 long sword
rCold   . . .        g - +0 buckler
rNeg    . . .        F - +3 leather armour {rPois}
rPois   +            c - +0 hat
rElec   .            (no cloak)
rCorr   .            A - +0 pair of gloves
SInv    .            (boots unavailable)
Will    .....        (no amulet)
Stlth   +            (no ring)
HPRegen 0.28/turn    (no ring)
MPRegen 0.13/turn

%: acrobat
@: flying, lightly drained
A: beak, talons 3, evasive flight, acrobatic
a: Renounce Religion


You were on level 6 of the Dungeon.
You worshipped Qazlal.
Qazlal was aware of your devotion.
You visited 2 branches of the dungeon, and saw 7 of its levels.
You also visited: Sewer and Ossuary.

You collected 320 gold pieces.

Inventory:

Hand Weapons
 a - a +0 long sword
 J - a +4 long sword (weapon)
 K - a +1 scimitar of freezing
Missiles
 d - 5 throwing nets
 e - 3 javelins (quivered)
Armour
 b - a +0 leather armour
 c - a +0 hat (worn)
 g - a +0 buckler (worn)
 m - a +0 ring mail
 A - a +0 pair of gloves (worn)
 B - +0 shadow dragon scales
 D - a +2 leather armour of poison resistance
 F - a +3 leather armour of poison resistance (worn)
Wands
 r - a wand of flame (16)
 y - a wand of acid (6)
Scrolls
 h - 3 scrolls of revelation
 i - a scroll of identify
 l - a scroll of blinking
 p - a scroll of amnesia {unknown}
 q - a scroll of poison {unknown}
 s - 2 scrolls of fog {unknown}
 u - 4 scrolls of teleportation
 w - a scroll of silence {unknown}
 x - 2 scrolls of enchant weapon {unknown}
 E - 2 scrolls of summoning {unknown}
 I - a scroll of fear {unknown}
Potions
 f - 2 potions of might {unknown}
 j - a potion of berserk rage {unknown}
 k - a potion of lignification {unknown}
 n - a potion of degeneration {unknown}
 o - a potion of curing {unknown}
 t - a potion of enlightenment {unknown}
 v - 3 potions of haste {unknown}
 z - 2 potions of cancellation {unknown}
 C - 3 potions of heal wounds
 G - a potion of resistance {unknown}
 H - a potion of invisibility {unknown}


   Skills:
 + Level 4.0 Fighting
 * Level 10.7 Long Blades
 - Level 2.0 Throwing
 + Level 5.1 Dodging
 + Level 3.2 Shields
 + Level 2.9 Invocations


You had 8 spell levels left.
You didn't know any spells.
Your spell library contained the following spells:

 Spells                   Type           Power      Damage    Failure   Level
 Shock                    Conj/Air       0%         1d3       58%         1
 Call Imp                 Summ           0%         N/A       73%         2
 Sublimation of Blood     Necr           0%         N/A       73%         2
 Inner Flame              Hex/Fire       0%         N/A       91%         3
 Swiftness                Air            0%         N/A       91%         3
 Airstrike                Air            0%         2d(0-16)  100%        4
 Irradiate                Conj/Alch      0%         3d11      100%        5
 Summon Hydra             Summ           0%         N/A       100%        7
 Ignition                 Fire           0%         3d3       100%        8


Dungeon Overview and Level Annotations

Branches:
Dungeon (6/15)             Temple (1/1) D:4           Sewer (visited)
Ossuary (visited)

Altars:
Ashenzari
Cheibriados
Dithmenos
Elyvilon
Fedhas
Hepliaklqana
Kikubaaqudgha
Makhleb
Nemelex Xobeh
Okawaru
Qazlal
Ru
Sif Muna
Uskayaw
Vehumet
Wu Jian
Xom
Yredelemnul
Zin

Annotations:
D:2 1 runed translucent door, Crazy Yiuf
D:3 exclusion: oklob plant


Innate Abilities, Weirdness & Mutations

You have a beak for a mouth.
You have claws for feet.
Your magical flight helps you evade attacks. (EV +4)
You can magically evade attacks while moving or waiting.


Message History

Your Fighting skill increases to level 4!
You are too injured to fight recklessly!
You are too injured to fight recklessly!
You are too injured to fight recklessly!
You hit the wight.
The wight is moderately damaged.
You block the wight's attack. The wight closely misses you.
You barely miss the wight. Your kick misses the wight.
The wight is moderately damaged.
The wight closely misses you. The wight misses you.
You slash the wight! Your peck misses the wight.
The wight is severely damaged.
The wight closely misses you.
You hit the wight. Your kick misses the wight.
The wight is severely damaged.
You block the wight's attack.
The wight hits you with a +0 heavy mace!
* * * LOW HITPOINT WARNING * * *
You feel drained.
* * * LOW HITPOINT WARNING * * *
You hit the wight.
You destroy the wight!
Qazlal accepts your kill. The wight completely misses you.
Your life force feels restored.
The wight completely misses you.
Items here: )))) [[[[.
You hit the wight. Your peck misses the wight.
The wight is lightly damaged.
The wight barely misses you.
You barely miss the wight. Your kick misses the wight.
The wight is lightly damaged.
The wight hits you with a +0 halberd of protection.
* * * LOW HITPOINT WARNING * * *
You hit the wight. Your kick misses the wight.
You peck the wight, but do no damage.
The wight is moderately damaged.
The wight hits you with a +0 halberd of protection!
* * * LOW HITPOINT WARNING * * *
You feel drained.
You die...

# # # # ### ..## #####
#..# ####.....# ...##
###....###.# #...###
#...###....# ##....#
#########z###...####
#....###...##..@.....###
###...##....)[###''###
##.......#####....##
##.<....# #..##$.#
########....# #......#
...>........# #......#
########....# #..##..#
##...# #.. .z.#
#...####.. ..z# ##
#.....## #..# .######
#####.## .(.#


You could see a wight.

Vanquished Creatures
  Prince Ribbit (D:5)
  Grinder (D:4)
  Eustachio (D:6)
  A centaur (D:5)
  2 ogres (D:5)
  A scorpion (D:5)
  9 wights (D:6)
  A howler monkey (D:4)
  A bombardier beetle (D:4)
  3 iguanas (D:5)
  3 orc wizards (D:3)
  Natasha (thrice) (D:2)
  A sleepcap (D:4)
  A hell rat (Sewer)
  4 crocodile zombies (Ossuary)
  Robin (D:2)
  3 mummies (Ossuary)
  4 gnolls (D:5)
  3 howler monkey skeletons (D:6)
  3 adders
  2 river rats
  2 white imps (D:5)
  2 ribbon worms
  7 orcs
  4 bats
  8 endoplasms
  4 giant cockroaches
  A gnoll zombie (Ossuary)
  9 hobgoblins
  9 kobolds
  4 quokkas
  3 ball pythons (D:1)
  5 frilled lizards
  13 goblins
  4 kobold zombies (Ossuary)
  9 rats
133 creatures vanquished.

Notes
Turn   | Place    | Note
-------+----------+-------------------------------------------
     0 | D:1      | AlterAsc the Tengu Gladiator began the quest for the Orb.
     0 | D:1      | Reached XP level 1. HP: 12/12 MP: 2/2
   163 | D:1      | Reached XP level 2. HP: 17/17 MP: 3/3
   164 | D:1      | Reached skill level 4 in Long Blades
  1031 | D:2      | Reached XP level 3. HP: 16/21 MP: 4/4
  1065 | D:2      | Noticed Robin
  1074 | D:2      | Killed Robin
  1081 | D:2      | Reached skill level 5 in Long Blades
  1187 | D:2      | Found a runed translucent door.
  1188 | D:2      | Noticed Crazy Yiuf
  1239 | D:2      | Noticed Natasha
  1247 | D:2      | Killed Natasha
  1248 | D:2      | Reached XP level 4. HP: 9/26 MP: 5/5
  1519 | D:2      | Noticed Natasha
  1524 | D:2      | Killed Natasha
  1525 | D:2      | Reached skill level 6 in Long Blades
  1538 | D:2      | Reached XP level 5. HP: 30/30 MP: 6/6
  1728 | D:2      | Noticed Natasha
  1750 | D:2      | HP: 1/30 [Natasha/magic dart (11)]
  1872 | D:2      | Killed Natasha
  2074 | D:3      | Reached skill level 7 in Long Blades
  2074 | D:3      | Reached XP level 6. HP: 26/35 MP: 7/7
  2201 | D:3      | Found a glowing drain.
  2394 | D:3      | Found a faded altar of an unknown god.
  2614 | D:3      | Found a blossoming altar of Fedhas.
  2704 | Sewer    | Entered a sewer
  3208 | D:3      | Noticed an oklob plant
  3542 | D:4      | Reached skill level 8 in Long Blades
  3580 | D:4      | Found a staircase to the Ecumenical Temple.
  3589 | Temple   | Entered the Ecumenical Temple
  3606 | Temple   | Became a worshipper of Qazlal Stormbringer
  3864 | D:4      | Found a burning altar of Makhleb.
  4069 | D:4      | Noticed Grinder
  4098 | D:4      | Killed Grinder
  4099 | D:4      | Reached skill level 9 in Long Blades
  4099 | D:4      | Gained mutation: Your magical flight helps you evade
                  | attacks. (EV +4) [Tengu growth]
  4099 | D:4      | Reached XP level 7. HP: 24/40 MP: 8/8
  4271 | D:5      | Entered Level 5 of the Dungeon
  4296 | D:5      | Noticed Prince Ribbit
  4313 | D:5      | Killed Prince Ribbit
  4314 | D:5      | Reached skill level 1 in Shields
  4418 | D:5      | Reached skill level 1 in Invocations
  4418 | D:5      | Reached XP level 8. HP: 27/45 MP: 9/9
  4676 | D:5      | Found a radiant altar of Vehumet.
  5306 | D:6      | Reached skill level 10 in Long Blades
  5372 | D:6      | Noticed Eustachio
  5397 | D:6      | Killed Eustachio
  5617 | D:6      | Found a sand-covered staircase.
  5627 | Ossuary  | Entered an ossuary
  5899 | D:6      | Reached * piety under Qazlal
  5903 | D:6      | Reached XP level 9. HP: 40/52 MP: 11/11
  5999 | D:6      | Reached skill level 5 in Dodging
  6019 | D:6      | Slain by a wight

Illustrated notes

Levels and vault maps discovered:
D:1:      matt_arrival_spirals, layout_basic
D:2:      layout_basic, kennysheep_potato, uniq_robin, uniq_natasha,
          uniq_crazy_yiuf_cottage
D:3:      layout_loops_ring, tgw_fedhas, gup_sewer_entry_bowl,
          shapermc_ecumenical_altar_petra, kennysheep_small_spiral
D:4:      layout_gridville, overflow_temple_1_default, temple_fountains,
          chequers_arboretum, uniq_grinder
D:5:      layout_basic, vehumet_crystals, grunt_ministairs_15,
          uniq_prince_ribbit1
D:6:      layout_rooms, general_overflow_altar,
          mainiacjoe_ossuary_entry_find_the_door, minmay_misc_feat_nine_boxes,
          corexii_hall_statues_u, serial_library_hellmonk_long_bookcase,
          uniq_eustachio
Temple:   eino_temple_scatter_basement

Skill      XL: |  1  2  3  4  5  6  7  8  9 |
---------------+----------------------------+-----
Long Blades    | 4 5 6 7 9 10 | 10.7
Shields        | 1 2 3 |  3.2
Invocations    | 1 2 |  2.9
Dodging        | 4 5 |  5.1
Fighting       | 3 4 |  4.0
Throwing       | |  2.0

Action                     |  1- 3 |  4- 6 |  7- 9 || total
---------------------------+-------+-------+-------++-------
  Melee: Long sword        |    82 |   127 |   140 ||   349
         Kick              |    15 |    39 |    51 ||   105
         Peck              |    11 |    18 |    22 ||    51
  Throw: Javelin           |     3 |    24 |    24 ||    51
         Throwing net      |       |     1 |       ||     1
    Use: Potion            |       |     2 |     1 ||     3
         Scroll            |       |     1 |     2 ||     3
   Stab: Sleeping          |     1 |     1 |     1 ||     3
 Armour: Leather armour    |     7 |       |    21 ||    28
         Ring mail         |    15 |    50 |    11 ||    76
         Shadow dragon sca |       |       |    23 ||    23
  Dodge: Dodged            |    40 |    60 |   103 ||   203
  Block: Buckler           |     8 |    26 |    35 ||    69
